 Dungeon Crawl Stone Soup version 0.30-b1-2-g02819fbbbe (webtiles) character file.

Game seed: 3197532767772393111

63 Alarkh the Shooter (level 3, 0/26 HPs)
             Began as a Demonspawn Hexslinger on July 7, 2023.
             Slain by a goblin
             ... wielding a +0 club
             ... led by Robin
              (2 damage)
             ... on level 3 of the Dungeon.
             The game lasted 00:01:58 (1204 turns).

Alarkh the Shooter (Demonspawn Hexslinger)          Turns: 1204, Time: 00:01:59

Health: 0/26       AC:  2    Str: 10    XL:     3   Next: 89%
Magic:  4/4        EV: 12    Int: 16    God:
Gold:   78         SH:  0    Dex: 13    Spells: 3/4 levels left

rFire   . . .        a - +1 sling
rCold   . . .        (no shield)
rNeg    . . .        c - +0 robe
rPois   .            (no helmet)
rElec   .            (no cloak)
rCorr   .            (no gloves)
SInv    .            (no boots)
Will    .....        (no amulet)
Stlth   +            (no ring)
HPRegen 0.24/turn    (no ring)
MPRegen 0.09/turn

%: no passive effects
@: no status effects
A: powered by death 1
a: no special abilities


You were on level 3 of the Dungeon.
You visited 1 branch of the dungeon, and saw 3 of its levels.

You collected 78 gold pieces.

Inventory:

Hand Weapons
 a - a +1 sling (weapon)
Armour
 c - a +0 robe (worn)
Scrolls
 b - a scroll of poison
 d - a scroll of enchant weapon {unknown}
 e - a scroll of identify {unknown}


   Skills:
 - Level 1.0 Fighting
 + Level 3.9 Ranged Weapons
 - Level 1.7 Dodging
 - Level 1.0 Spellcasting
 - Level 3.0 Hexes


You had 3 spell levels left.
You knew the following spells:

 Your Spells              Type           Power      Damage    Failure   Level
a - Slow                  Hex            40%        N/A       7%          1

Your spell library contained the following spells:

 Spells                   Type           Power      Damage    Failure   Level
 Inner Flame              Hex/Fire       5%         N/A       36%         3
 Portal Projectile        Hex/Tloc       10%        N/A       36%         3
 Cause Fear               Hex            5%         N/A       54%         4


Dungeon Overview and Level Annotations

Branches:
Dungeon (3/15)

Altars:

Annotations:
D:3 Robin


Innate Abilities, Weirdness & Mutations

You regenerate a little health from kills.


Message History

You shoot a sling bullet. The sling bullet hits the goblin!
You kill the goblin!
Items here: )) [ †.
Robin of the Strong Arm comes into view.
They are wielding a +0 whip.
Robin shouts!
Robin roars a battlecry!
A goblin comes into view. It is wielding a +0 dagger.
The goblin shouts! x2
A rat comes into view.
You shoot a sling bullet. The sling bullet barely misses Robin.
Robin says, "A pitiful Demonspawn like you will never find the ORB!"
Robin throws the goblin at you! The goblin closely misses you.
You shoot a sling bullet. The sling bullet hits the goblin.
The goblin is heavily wounded.
The goblin misses you.
You shoot a sling bullet. The sling bullet misses the goblin.
The goblin hits you with a +0 club.
Okay, then.
Really read the scroll of poison?
The air fills with toxic fumes!
As you read the scroll of poison, it crumbles to dust.
Robin throws the goblin at you! The goblin hits you with a +0 club.
* * * LOW HITPOINT WARNING * * *
The goblin is engulfed in poison gas.
The goblin is poisoned.
You kill the goblin!
You shoot a sling bullet.
The sling bullet closely misses the goblin.
Robin says, "My goblins will feast on your bones."
The rat twitches its whiskers.
The goblin hits you with a +0 club.
* * * LOW HITPOINT WARNING * * *
Unknown command.
You aren't carrying any potions.
You shoot a sling bullet. The sling bullet misses the goblin.
The goblin closely misses you.
You shoot a sling bullet.
The sling bullet barely misses the goblin.
The quokka twitches its whiskers.
The goblin hits you with a +0 club.
You die...

....... .§§§§..
# .§§§§.. §##
.§§§§§g######§§
.§§§r§.#§§§§§#
.§§§§§§#§§§§§#
.§§§§.g#§§§§§#
.§§§§r§§§§§§§#
.#######@§§§§#
#.# #g#####
#.###§# #...§§#
#)##### #)# #<#
###


You could see Robin, a quokka, a goblin (strong) and a rat.

Vanquished Creatures
  2 adders (D:2)
  An orc (D:3)
  8 bats
  An endoplasm (D:1)
  A giant cockroach (D:1)
  12 goblins
  4 hobgoblins
  2 quokkas (D:1)
  A ball python (D:1)
  3 frilled lizards
  5 kobolds
  A rat (D:2)
41 creatures vanquished.

Notes
Turn   | Place    | Note
-------+----------+-------------------------------------------
     0 | D:1      | Alarkh the Demonspawn Hexslinger began the quest for the
                  | Orb.
     0 | D:1      | Reached XP level 1. HP: 15/15 MP: 2/2
   255 | D:1      | Gained mutation: You regenerate a little health from kills.
                  | [demonic ancestry]
   255 | D:1      | Reached XP level 2. HP: 21/21 MP: 3/3
   713 | D:2      | Reached XP level 3. HP: 17/26 MP: 4/4
  1195 | D:3      | Noticed Robin
  1204 | D:3      | Slain by a goblin

Illustrated notes

Levels and vault maps discovered:
D:1:      lemuel_arrival_behind_the_door_small, layout_basic
D:2:      layout_rooms
D:3:      mumra_celtic_spiral_tile, layout_basic, mainiacjoe_overflow_alcove_2,
          grunt_temple_overflow_holy_war, chequers_ecumenical_altar_simple,
          uniq_robin

Skill      XL: |  1  2 |
---------------+-------+-----
Ranged Weapons | 2 3 |  3.9
Fighting       | |  1.0
Dodging        | |  1.7
Spellcasting   | |  1.0
Hexes          | |  3.0

Action                     || total
---------------------------++-------
   Fire: Sling             ||   137
    Use: Scroll            ||     1
 Armour: Robe              ||    17
  Dodge: Dodged            ||    54
